 Dungeon Crawl Stone Soup version 0.25-a0-73-g9796ba8d15 (webtiles) character file.

Game seed: 13908034739309520003, levelgen mode: deterministic

504 Roikka the Conjurer (level 6, 0/48 HPs)
             Began as a Draconian Conjurer on Nov 6, 2019.
             Slain by a two-headed ogre
             ... wielding a +0 dire flail
              (4 damage)
             ... on level 3 of the Dungeon.
             The game lasted 00:11:27 (3592 turns).

Roikka the Conjurer (Draconian Conjurer)            Turns: 3592, Time: 00:11:28

Health: 0/48       AC:  6    Str: 10    XL:     6   Next: 96%
Magic:  12/12      EV: 12    Int: 17    God:
Gold:   121        SH:  0    Dex: 12    Spells: 3/13 levels left

rFire    . . .     SeeInvis .   m - +2 falchion (vamp)
rCold    . . .     Gourm    .   (no shield)
rNeg     . . .     Faith    .   (armour unavailable)
rPois    .         Spirit   .   (helmet restricted)
rElec    .         Reflect  .   (no cloak)
rCorr    .         Harm     .   (no gloves)
MR       .....                  (no boots)
Stlth    ++........             (no amulet)
HPRegen  0.16/turn              (no ring)
MPRegen  0.13/turn              (no ring)

@: about to teleport
A: unfitting armour, cold-blooded, AC +6
a: no special abilities


You were on level 3 of the Dungeon.
You were not hungry.

You visited 1 branch of the dungeon, and saw 4 of its levels.

You collected 121 gold pieces.

Inventory:

Hand Weapons
 a - a +2 trident of piercing
 m - a +2 vampiric falchion (weapon)
Scrolls
 c - 2 scrolls of teleportation
 d - 2 scrolls of identify {unknown}
 e - 3 scrolls of remove curse {unknown}
 k - a scroll of blinking {unknown}
Potions
 f - 2 potions of curing {unknown}
 g - a potion of agility {unknown}
 h - a potion of resistance {unknown}
 i - a potion of berserk rage {unknown}
 j - a potion of ambrosia {unknown}
Comestibles
 b - 2 rations


   Skills:
 - Level 2.0 Fighting
 - Level 2.0 Dodging
 - Level 1.7 Stealth
 + Level 4.3 Spellcasting
 + Level 5.8 Conjurations
 + Level 2.7 Hexes


You had 3 spell levels left.
You knew the following spells:

 Your Spells              Type           Power        Failure   Level  Hunger
a - Magic Dart            Conj           ###.         1%          1    None
b - Searing Ray           Conj           ###...       1%          2    ##.....
c - Dazzling Spray        Conj/Hex       ###...       8%          3    ###....
d - Iskenderun's Mystic   Conj           ###.....     14%         4    ####...

Your spell library contained the following spells:

 Spells                   Type           Power        Failure   Level  Hunger
 Fulminant Prism          Conj/Hex       ###.......   26%         4    ####...
 Force Lance              Conj/Tloc      ##......     41%         4    ####...


Dungeon Overview and Level Annotations

Branches:
Dungeon (4/15)
 Temple: D:4-7

Altars:
Okawaru
Xom


Innate Abilities, Weirdness & Mutations

Your plain brown scales are hard. (AC +6)
You cannot fit into any form of body armour.
You are cold-blooded and may be slowed by cold attacks.


Message History

A giant cockroach comes into view.
A bat comes into view.
You miss the bat. The bat hits you but does no damage.
The two-headed ogre hits you with a +0 dire flail!
The two-headed ogre hits you but does no damage.
Casting: Magic Dart (safe; 1% risk of failure)
Confirm with . or Enter, or press ? or * to list all spells.
Okay, then.
As you read the scroll labeled FEVVAL CUERINK, it crumbles to dust.
You feel strangely unstable.
It was a scroll of teleportation.
The bat closely misses you.
You riposte.
You barely miss the bat.
The two-headed ogre hits you with a +0 dire flail!!
Ouch! That really hurt!
* * * LOW HITPOINT WARNING * * *
The two-headed ogre misses you.
You miss the bat. The bat hits you but does no damage.
The two-headed ogre hits you with a +0 dire flail!
* * * LOW HITPOINT WARNING * * *
The two-headed ogre hits you with a cursed -2 giant club.
You die...

###.#........#
#...........#
#...........#
#####....####...#
#>.##...##.>#...#
#...#...#...#...#
##.'#...#'.####.#
#####.....###.##O#
...............#@#
.......⌠.......#.#
#....(.........#.#
#####(...)###.......
#..#...#).##..b...
#...#...#.).#..(...
#<.##..(##.<#......
####.....####......
........# ....


You could see a two-headed ogre and a bat.

Vanquished Creatures
  Grinder (D:3)
  A slave (D:4)
  An orc priest (D:4)
  A bullfrog skeleton (D:4)
  Jessica (D:2)
  Natasha (D:4)
  Terence (D:3)
  2 orc wizards
  Robin (D:3)
  2 oozes
  An adder skeleton (D:3)
  2 worms
  A dart slug (D:1)
  2 leopard geckos
  7 orcs
  A ball python (D:1)
  3 bats
  2 giant cockroaches
  17 goblins
  7 hobgoblins
  6 jackals (D:1)
  5 frilled lizards
  2 kobolds
  10 rats
78 creatures vanquished.

Notes
Turn   | Place    | Note
-------+----------+-------------------------------------------
     0 | D:1      | Roikka the Draconian Conjurer began the quest for the Orb.
     0 | D:1      | Reached XP level 1. HP: 14/14 MP: 3/3
   288 | D:1      | Reached XP level 2. HP: 20/20 MP: 1/5
   739 | D:1      | Reached XP level 3. HP: 21/26 MP: 1/6
   894 | D:1      | You fall into a shaft and drop 1 floor!
  1185 | D:2      | Learned a level 2 spell: Searing Ray
  1321 | D:2      | Found an iron altar of Okawaru.
  1377 | D:2      | Noticed Jessica
  1380 | D:2      | Killed Jessica
  1412 | D:2      | Learned a level 3 spell: Dazzling Spray
  1494 | D:2      | Found a burning altar of Makhleb.
  1496 | D:2      | Found a bloodstained altar of Trog.
  1496 | D:2      | Found a sacrificial altar of Ru.
  1498 | D:2      | Found a shimmering altar of Xom.
  1498 | D:2      | Found a shimmering altar of Xom.
  1498 | D:2      | Found an iron altar of Okawaru.
  1568 | D:2      | Reached XP level 4. HP: 33/33 MP: 3/8
  1927 | D:3      | Noticed Terence
  1941 | D:3      | Killed Terence
  1941 | D:3      | Reached skill level 1 in Fighting
  1941 | D:3      | Reached skill level 5 in Conjurations
  2106 | D:3      | Noticed a two-headed ogre
  2167 | D:3      | Reached skill level 1 in Hexes
  2167 | D:3      | Reached XP level 5. HP: 40/40 MP: 3/10
  2260 | D:3      | Noticed Robin
  2483 | D:3      | Killed Robin
  2622 | D:3      | Learned a level 4 spell: Iskenderun's Mystic Blast
  2903 | D:4      | Noticed a slave
  2915 | D:4      | Killed a slave
  3088 | D:4      | Noticed Natasha
  3096 | D:4      | Killed Natasha
  3170 | D:4      | Reached XP level 6. HP: 45/48 MP: 4/11
  3456 | D:3      | Noticed Grinder
  3474 | D:3      | Killed Grinder
  3592 | D:3      | Slain by a two-headed ogre

Levels and vault maps discovered:
D:1:      shiori_shiawase, layout_rooms
D:2:      layout_loops_ring, doesnt_xom_only_xom, overflow_temple_1_default,
          uniq_jessica
D:3:      layout_basic, grunt_ministairs_6, nicolae_tso_swordbearing_angel,
          uniq_terence, uniq_robin, uniq_grinder
D:4:      layout_loops_ring, dancing_weapons_uskayaw, kennysheep_dice,
          uniq_pikel, uniq_eustachio, uniq_natasha

Skill      XL: |  1  2  3  4  5  6 |
---------------+-------------------+-----
Dodging        | 2 |  2.0
Spellcasting   | 3 4 |  4.3
Fighting       | 1 2 |  2.0
Conjurations   | 5 |  5.8
Hexes          | 1 2 |  2.7
Stealth        | |  1.7

Action                   |  1- 3 |  4- 6 || total
-------------------------+-------+-------++-------
Melee: Dagger            |    27 |     7 ||    34
       Unarmed           |     2 |       ||     2
       Tailslap          |     7 |     3 ||    10
       Falchion          |       |    25 ||    25
Throw: Dart              |       |     5 ||     5
 Cast: Magic Dart        |    68 |    92 ||   160
       Searing Ray       |       |     6 ||     6
  Use: Scroll            |       |     1 ||     1
  Eat: Chunk             |     3 |     6 ||     9
Armor: Skin              |    14 |    25 ||    39
Dodge: Dodged            |    28 |    42 ||    70
       Rpst.: Falchion   |       |    18 ||    18

Table legend:
 A = Non-vault XP
 B = Vault XP
 C = Vault XP percentage of total XP
 D = Non-vault monster count
 E = Vault monster count
 F = Vault count percentage of total count
                 A         B        C        D         E       F
            +---------+---------+-------+---------+---------+-------
      Total |     279 |     441 |  61.2 |      59 |      18 |  23.4
            +---------+---------+-------+---------+---------+-------
        D:1 |      49 |       0 |   0.0 |      28 |       0 |   0.0
        D:2 |      61 |      50 |  45.0 |       9 |       8 |  47.1
        D:3 |      30 |     354 |  92.2 |      15 |       9 |  37.5
        D:4 |     139 |      37 |  21.0 |       7 |       1 |  12.5
            +---------+---------+-------+---------+---------+-------
